 Dungeon Crawl Stone Soup version 0.14-a0-1739-g6c2808e (webtiles) character file.

1286 M4edhros the Covert (level 7, -1/24 HPs)
             Began as a Felid Air Elementalist on Jan 3, 2014.
             Was a Plaything of Xom.
             Slain by a killer bee (7 damage)
             ... on Level 8 of the Dungeon.
             The game lasted 00:19:29 (8490 turns).

M4edhros the Covert (Felid Air Elementalist)        Turns: 8490, Time: 00:19:29

HP  -1/24        AC  5     Str  4      XL: 7   Next: 94%
MP  12/18        EV 23     Int 19      God: Xom
Gold 314         SH  0     Dex 18      Spells:  4 memorised,  8 levels left
Lives: 0, deaths: 2

rFire  + . .     SeeInvis +     (weapon unavailable)
rCold  + . .     Clarity  .     (armour unavailable)
rNeg   . . .     Conserve .     (shield unavailable)
rPois  +         rCorr    .     (helmet unavailable)
rElec  +         rRot     .     (cloak unavailable)
SustAb . .       Spirit   .     (gloves unavailable)
rMut   .         Warding  .     (boots unavailable)
Saprov . . .     Stasis   .     (no amulet)
                                h - cursed +3 ring of protection
                                f - +3 ring of dexterity

@: quick, somewhat resistant to hostile enchantments, extremely stealthy
A: paw claws, no armour, no advanced items, fangs 3, see invisible, carnivore 3,
clumsy 1, speed 1, frail 1, low mp 1, shaggy fur 2, slow metabolism 1, jump 2
a: Jump Attack, Renounce Religion


You were on level 8 of the Dungeon.
You worshipped Xom.
You were a toy of Xom.
You were not hungry.

You visited 2 branches of the dungeon, and saw 9 of its levels.

You collected 314 gold pieces.

Inventory:

Missiles
 e - 5 curare-tipped needles
 t - 20 arrows
Comestibles
 c - 5 meat rations
Scrolls
 a - 4 scrolls of identify
 d - 2 scrolls of curse weapon {unknown}
 i - 2 scrolls of teleportation
 k - a scroll of blinking
 l - a scroll of remove curse
 n - 4 scrolls of fog
 o - 2 scrolls of amnesia
Jewellery
 f - a +3 ring of dexterity (left paw)
 h - a cursed +3 ring of protection (right paw)
 m - an uncursed ring of ice
 s - a cursed ring of positive energy
Potions
 p - a potion of heal wounds
 q - a potion of poison
Books
 b - a book of Air

   Spells                             Type                      Level
   *Shock                             Conjuration/Air              1
   *Swiftness                         Charms/Air                   2
   *Repel Missiles                    Charms/Air                   2
   Flight                             Charms/Air                   3
   *Static Discharge                  Conjuration/Air              3
   Lightning Bolt                     Conjuration/Air              5


   Skills:
 + Level 7.3 Dodging
 + Level 8.3 Stealth
 + Level 5.1 Spellcasting
 * Level 6.1 Conjurations
 + Level 5.4 Air Magic


You had 8 spell levels left.
You knew the following spells:

 Your Spells              Type           Power        Failure   Level  Hunger
a - Shock                 Conj/Air       ####         1%          1    None
b - Repel Missiles        Chrm/Air       ###.......   10%         2    None
c - Swiftness             Chrm/Air       ###.....     10%         2    None
d - Static Discharge      Conj/Air       ####....     3%          3    ###....


Dungeon Overview and Level Annotations

Branches:
Dungeon (8/16)             Temple (1/1) D:7
   Lair: D:8-11

Altars:
Ashenzari
Elyvilon
Kikubaaqudgha
Makhleb
Nemelex Xobeh
Trog
Vehumet
Xom
Yredelemnul
Zin
the Shining One

Annotations:
D:7 Eustachio, Joseph


Innate Abilities, Weirdness & Mutations

You cannot wear armour.
You are incapable of any advanced item manipulation.
Your paws have sharp claws.
You have razor-sharp teeth.
You have supernaturally acute eyesight.
You are carnivorous and can eat meat at any time.
You cover ground quickly.
You are covered in thick fur (AC +2).
You have a slow metabolism.
You can jump attack at a medium distance.
You are clumsy. (Dex -2)
You are frail (-10% HP).
Your magical capacity is low (-10% MP).


Message History

Confirm with . or Enter, or press ? or * to list all spells.
Aiming: Shock
Press: ? - help, Shift-Dir - straight line, f/p - orc warrior
Aim: an orc warrior, wielding a bow and wearing an orcish chain mail (almost dead)
The zap hits the killer bee.
The killer bee is almost dead.
The zap hits the killer bee.
You kill the killer bee!
The zap hits the orc warrior.
The orc warrior is almost dead.
The killer bee closely misses you. The killer bee stings you!
* * * LOW HITPOINT WARNING * * *
Casting: Shock
Confirm with . or Enter, or press ? or * to list all spells.
Aiming: Shock
Press: ? - help, Shift-Dir - straight line, f/p - orc warrior
Aim: an orc warrior, wielding a bow and wearing an orcish chain mail (almost dead)
The zap misses the killer bee.
The zap misses the orc warrior.
The killer bee stings you!
You die...

#########################
.[......@ko..............
############....>........
#.............
##########(..b........<
.....o..k..(...........
.###############..#####
#..# ....# ### ..........


You could see an orc warrior and a killer bee.

Vanquished Creatures
  Pikel (D:4)
  The ghost of kerensky the Covert, an experienced OpMo of Cheibriados (D:7)
  Edmund (D:4)
  2 ogres
  2 ice beasts
  A centaur (D:6)
  Blork the orc (D:6)
  A giant frog (D:5)
  A troll zombie (D:7)
  3 wights (D:7)
  A jelly (D:6)
  A killer bee (D:8)
  2 crimson imps
  5 hounds
  An orc wizard (D:6)
  Crazy Yiuf (D:6)
  2 centaur zombies
  An orc priest (D:4)
  2 iguanas (D:7)
  A quasit (D:7)
  3 worker ants (D:4)
  An ogre zombie (D:6)
  Ijyb (D:4)
  2 mummies
  5 adders
  A giant mite (D:3)
  A worm (D:5)
  An ufetubus (D:7)
  2 grey rats (D:7)
  A giant eyeball (D:4)
  4 giant geckos
  An ooze (D:3)
  6 orcs
  9 bats
  9 goblins
  14 hobgoblins
  14 jackals
  2 quokkas (D:3)
  10 giant cockroaches
  6 giant newts
  A giant newt zombie (D:5)
  16 kobolds
  An orc skeleton (D:4)
  10 rats
152 creatures vanquished.

Notes
Turn   | Place    | Note
--------------------------------------------------------------
     0 | D:1      | M4edhros, the Felid Air Elementalist, began the quest for the Orb.
     0 | D:1      | Reached XP level 1. HP: 7/7 MP: 4/4
   368 | D:1      | Reached XP level 2. HP: 11/11 MP: 0/5
   418 | D:1      | Reached skill level 1 in Conjurations
   722 | D:1      | Reached skill level 3 in Stealth
  1460 | D:2      | Reached XP level 3. HP: 14/14 MP: 0/8
  1660 | D:2      | Found a radiant altar of Vehumet.
  2114 | D:2      | Found a burning altar of Makhleb.
  2450 | D:3      | Reached skill level 4 in Stealth
  2467 | D:3      | Reached XP level 4. HP: 7/18 MP: 0/11
  3071 | D:3      | Learned a level 2 spell: Repel Missiles
  3074 | D:3      | Learned a level 2 spell: Swiftness
  3078 | D:3      | Learned a level 3 spell: Static Discharge
  3449 | D:4      | Noticed Edmund
  3614 | D:4      | Noticed an ogre
  3673 | D:4      | Killed an ogre
  3673 | D:4      | Reached XP level 5. HP: 3/21 MP: 5/13
  3952 | D:4      | Reached skill level 5 in Stealth
  4046 | D:4      | Noticed a slave
  4046 | D:4      | Noticed a slave
  4158 | D:4      | Gained mutation: Your magical capacity is low (-10% MP). [potion of mutation]
  4158 | D:4      | Gained mutation: You are clumsy. (Dex -2) [potion of mutation]
  4158 | D:4      | Gained mutation: You are frail (-10% HP). [potion of mutation]
  4176 | D:4      | Killed Edmund
  4176 | D:4      | Gained mutation: You are covered in thick fur (AC +2). [growing up]
  4176 | D:4      | Gained mutation: You can jump attack at a medium distance. [growing up]
  4176 | D:4      | Reached XP level 6. HP: 9/21 MP: 5/15
  4203 | D:4      | Noticed Pikel
  4248 | D:4      | Noticed a slave
  4318 | D:4      | Killed Pikel
  4318 | D:4      | Reached skill level 5 in Dodging
  4318 | D:4      | Reached skill level 6 in Stealth
  4318 | D:4      | Reached XP level 7. HP: 14/24 MP: 0/17
  4454 | D:4      | Noticed a freed slave
  4883 | D:4      | Noticed Ijyb
  4893 | D:4      | Killed Ijyb
  4987 | D:4      | Paralysed by a giant eyeball for 3 turns
  5113 | D:5      | Entered Level 5 of the Dungeon
  5242 | D:5      | Reached XP level 8. HP: 25/27 MP: 13/18
  6025 | D:6      | Noticed Blork the orc
  6051 | D:6      | Killed Blork the orc
  6339 | D:6      | Reached skill level 7 in Stealth
  6426 | D:6      | Reached skill level 5 in Conjurations
  6669 | D:6      | Noticed Crazy Yiuf
  6678 | D:6      | Killed Crazy Yiuf
  6895 | D:7      | Noticed kerensky's ghost (experienced OpMo)
  6957 | D:7      | Killed kerensky's ghost
  6957 | D:7      | Reached skill level 5 in Air Magic
  7134 | D:7      | Noticed Eustachio
  7152 | D:7      | Reached skill level 8 in Stealth
  7152 | D:7      | Reached XP level 9. HP: 30/30 MP: 13/20
  7425 | D:7      | Noticed Joseph
  7450 | D:7      | Slain by Joseph
  7451 | D:7      | Reached XP level 8. HP: -1/27 MP: 0/19
  7489 | D:7      | Shot with a sling bullet by Joseph
  7490 | D:7      | Reached XP level 7. HP: 0/24 MP: 16/18
  8162 | D:7      | Reached skill level 5 in Spellcasting
  8297 | D:7      | Found a staircase to the Ecumenical Temple.
  8308 | Temple   | Entered the Ecumenical Temple
  8320 | Temple   | Became a worshipper of Xom of Chaos
  8448 | D:8      | XOM: divination: detect creatures
  8455 | D:8      | XOM: cast spell 'Summon Butterflies'
  8490 | D:8      | Slain by a killer bee

Action                   |  1- 3 |  4- 6 |  7- 9 || total
-------------------------+-------+-------+-------++-------
Melee: Unarmed           |    37 |    14 |    24 ||    75
 Cast: Shock             |   103 |   128 |   286 ||   517
       Static Discharge  |       |       |    11 ||    11
       Repel Missiles    |       |       |     4 ||     4
  Use: Scroll            |       |    11 |     4 ||    15
       Potion            |       |     7 |     6 ||    13
 Stab: Invisible         |       |     1 |       ||     1
       Sleeping          |       |       |     1 ||     1
